[Event "Late-Titled-Tuesday-Blitz-April-23-2024"]
[Site "Chess.com"]
[Date "2024.04.23"]
[Round "5"]
[White "stasOR4ik"]
[Black "Mikhail_Golubev"]
[Result "1-0"]
[WhiteElo "2460"]
[BlackElo "2561"]
[TimeControl "180+1"]
[EndTime "14:56:39 PDT"]
[Termination "stasOR4ik won on time"]

1. c4 g6 2. Nc3 Bg7 3. g3 e5 4.
Bg2 d6 5. e4 Nc6 6. Nge2 Nd4 7.
h3 Ne7 8. d3 Nxe2 9. Qxe2 O-O 10.
Nd5 Nc6 11. Be3 Nd4 12. Bxd4 exd4 13. h4 c6 14. Nf4 Qa5+ 15. Kf1 Be5 16. h5 g5 17. Nh3 h6 18. f4 Bxh3 19. Rxh3 gxf4 20. Qg4+ Bg7 21. gxf4 f5 22. exf5 Qxf5 23. Rg3 Qxf4+ 24. Kg1 Qxg4 25. Rxg4 Rae8 26. Be4 Re5 27. Bg6 b5 28.
b3 bxc4 29. bxc4 Rb8 30. Rf1 Rb2 31. Be4 d5 32. cxd5 cxd5 33. Bg2 Rxh5 34. Rc1 Rb5 35. Rc8+ Kh7 36. Rc7 Rg5 37. Rxg5 hxg5 38. Rxa7 Kg6 39. a4 Rb2 40. a5 Be5 41. Bxd5 g4 42. a6 1-0

[Event "Late-Titled-Tuesday-Blitz-April-23-2024"]
[Site "Chess.com"]
[Date "2024.04.23"]
[Round "5"]
[White "katharinareinecke"]
[Black "crosky"]
[Result "0-1"]
[WhiteElo "2050"]
[BlackElo "2354"]
[TimeControl "180+1"]
[EndTime "14:56:40 PDT"]
[Termination "crosky won by resignation"]

1. e4 c5 2. Nf3 e6 3. g3 d5 4. exd5 exd5 5. Bg2 Nf6 6. O-O d4 7. d3 Be7 8. Re1 O-O 9. Nbd2 Nc6 10. Ng5 Bg4 11. f3 Bf5 12. Nge4 Rc8 13. Nxf6+ Bxf6 14. Ne4 Bxe4 15. Rxe4 Qd7 16. Bd2 Rfe8 17. Qf1 Rxe4 18. fxe4 Ne5 19. Qf5 Qxf5 20. exf5 b5 21. Re1 c4 22.
Be4 h6 23. Bf4 cxd3 24. cxd3 Rc2 25. Bxe5 Bxe5 26. Rb1 a5 27. a3 Kf8 28. b4 a4 29. Ra1 Ke7 30. g4 Bxh2+ 31. Kf1 Kd6 32. Re1 Rc3 33. Ra1 Bf4 34. Ke2 Bc1 35. Kf3 Bxa3 36.
Re1 Bxb4 37. Re2 a3 38. Bb7 Bc5 39. Kf4 Rxd3 40. g5 hxg5+ 41. Kxg5 Re3 42. Rd2 b4 43. f6 gxf6+ 44. Kxf6 b3 45. Kxf7 a2 0-1

[Event "Late-Titled-Tuesday-Blitz-April-23-2024"]
[Site "Chess.com"]
[Date "2024.04.23"]
[Round "5"]
[White "SpeedofLight0"]
[Black "ellatambien"]
[Result "0-1"]
[WhiteElo "3046"]
[BlackElo "2726"]
[TimeControl "180+1"]
[EndTime "14:56:41 PDT"]
[Termination "ellatambien won by resignation"]

1. d4 Nf6 2. Nc3 d5 3. Bf4 a6 4. e3 b5 5. h4 Bb7 6. g4 e6 7. g5 Ne4 8. Nxe4 dxe4 9. Ne2 Bd6 10. Bxd6 cxd6 11. Ng3 Nd7 12. Qg4 d5 13. h5 Qe7 14.
O-O-O Rc8 15. Bh3 Nb6 16. Qf4 Nc4 17. Bf1 Nxb2 18. Bh3 Qa3 19. Kd2 Qc3+ 20. Ke2 Qxc2+ 21. Kf1 Qxd1+ 22. Kg2 Qf3+ 23. Qxf3 exf3+ 24. Kxf3 Rc2 25. Ne2 Nc4 26. Nf4 Nd2+ 27. Kg4 Ne4 28. Rf1 Nxf2+ 29. Kh4 Nxh3 30. Nxh3 O-O 31. h6 f6 32. Rg1 fxg5+ 33.
Rxg5 g6 34. Nf4 Rh2+ 35. Kg3 Rxh6 36. Nxe6 Re8 37. Nc5 Bc6 38. Nxa6 Rxe3+ 39. Kf2 Ra3 40. Nb4 Bb7 41. Kg2 Rh4 42. Nc2 Rxa2 43. Kg3 Re4 44. Nb4 Ra3+ 45. Kf2 Rxd4 46. Nc2 Rd2+ 47. Ke1 Rxc2 48.
Rxg6+ hxg6 0-1

[Event "Late-Titled-Tuesday-Blitz-April-23-2024"]
[Site "Chess.com"]
[Date "2024.04.23"]
[Round "5"]
[White "PawnEatingZombie"]
[Black "merinasian"]
[Result "0-1"]
[WhiteElo "2234"]
[BlackElo "2511"]
[TimeControl "180+1"]
[EndTime "14:56:42 PDT"]
[Termination "merinasian won on time"]

1. e4 d6 2. d4 Nd7 3. Nf3 g6 4. c3 Bg7 5. Bd3 e6 6. O-O Ne7 7. a4 a6 8. a5 h6 9. Re1 O-O 10. Nbd2 b5 11. axb6 cxb6 12. Nf1 Bb7 13. Ng3 b5 14. h3 Nb6 15. Nh2 Nc4 16. Ng4 Kh7 17. b3 Nb6 18. Qd2 Ng8 19. f4 f5 20. Nh2 Ne7 21. Nf3 fxe4 22. Nxe4 Nbd5 23. Neg5+ hxg5 24. Nxg5+ Kg8 25. Nxe6 Qd7 26. Nxf8 Rxf8 27. g3 Nf5 28.
Kh2 Nf6 29. Bb2 Nh5 30. Rg1 Qc6 31. Rae1 Re8 32. Bxf5 gxf5 33. Rxe8+ Qxe8 34. g4 fxg4 35. hxg4 Nf6 36. Re1 Nxg4+ 37. Kg3 Qg6 38. f5 Qxf5 39. Re8+ Kh7 40. Qe2 Nf6 41. Re6 Ne4+ 42. Kh2 Qxe6 0-1

[Event "Late-Titled-Tuesday-Blitz-April-23-2024"]
[Site "Chess.com"]
[Date "2024.04.23"]
[Round "5"]
[White "RebecaJimnz"]
[Black "MathiasWomacka"]
[Result "1-0"]
[WhiteElo "2301"]
[BlackElo "2510"]
[TimeControl "180+1"]
[EndTime "14:56:43 PDT"]
[Termination "RebecaJimnz won on time"]

1. e4 c5 2. Nf3 d6 3. d4 cxd4 4. Nxd4 Nf6 5. Nc3 a6 6. Be2 e5 7.
Nf3 Be7 8. Bg5 Nbd7 9. a4 h6 10. Be3 Qc7 11. Nd2 Nc5 12. O-O Be6 13. b3 Nxb3 14.
cxb3 Qxc3 15. Rc1 Qa5 16. Bc4 O-O 17. h3 b5 18. Bxe6 fxe6 19. axb5 axb5 20. Rc6 Rfc8 21. Qc2 Rxc6 22. Qxc6 Qa6 23. Qc7 Bf8 24. Rc1 Qa3 25.
Kh2 Qb2 26. Rc6 Ra1 27. Qd8 Rc1 28. Nc4 bxc4 29. Rc8 Rd1 30. Qxf8+ Kh7 31. Rc7 Nh5 32. Qf3 Qb1 33. Qxh5 Rh1+ 34. Kg3 Qxb3 35. Qxh6+ 1-0

[Event "Late-Titled-Tuesday-Blitz-April-23-2024"]
[Site "Chess.com"]
[Date "2024.04.23"]
[Round "5"]
[White "venturov"]
[Black "AradNazari"]
[Result "1-0"]
[WhiteElo "2516"]
[BlackElo "2742"]
[TimeControl "180+1"]
[EndTime "14:56:44 PDT"]
[Termination "venturov won by resignation"]

1. e4 c5 2. Nf3 d6 3. d4 cxd4 4. Nxd4 Nf6 5. Nc3 a6 6. Bc4 e6 7. O-O Be7 8. Re1 b5 9. Bb3 Qc7 10.
Qf3 Qb7 11. Qg3 Nh5 12. Qg4 g6 13. Bh6 b4 14. Na4 Nc6 15. Nxc6 Qxc6 16. Qf3 Bb7 17.
g4 Nf6 18. Bg7 Nxe4 19. Bxh8 Kd7 20. Bd4 f5 21. Nb6+ Kc7 22. Ba4 Ng5 23. Nxa8+ Bxa8 24. Bxc6 Bxc6 25. Qxc6+ Kxc6 26. Be3 Nf3+ 27. Kg2 fxg4 28. h3 Nxe1+ 29. Rxe1 gxh3+ 30. Kxh3 Bf6 31. Bc1 e5 32. Kg4 d5 33. Bg5 h5+ 34. Kh4 Bg7 35. Bd2 a5 36. Kg5 e4 37. Bc1 Bd4 38. Rf1 Kc5 39. Kxg6 h4 40.
f4 exf3 41. Rxf3 a4 42. Be3 Bxe3 43. Rxe3 d4 44. Rh3 Kc4 45. b3+ axb3 46. axb3+ 1-0

[Event "Late-Titled-Tuesday-Blitz-April-23-2024"]
[Site "Chess.com"]
[Date "2024.04.23"]
[Round "5"]
[White "FlemingA"]
[Black "dolynachess"]
[Result "1-0"]
[WhiteElo "2449"]
[BlackElo "2540"]
[TimeControl "180+1"]
[EndTime "14:56:44 PDT"]
[Termination "FlemingA won on time"]

1. e4 c5 2. a3 g6 3. b4 Bg7 4.
c3 b6 5. g3 Bb7 6. Bg2 Nf6 7. d3 O-O 8. Ne2 d6 9. O-O Qc7 10. Nd2 Nbd7 11. Bb2 Rfc8 12. Rc1 a5 13. h3 axb4 14. cxb4 Nxe4 15. Bxg7 Nxd2 16. Qxd2 Kxg7 17. Nf4 Bxg2 18. Kxg2 Qb7+ 19. Kg1 Ne5 20. Qb2 Kg8 21. Rfd1 Nf3+ 22. Kf1 Nd4 23. Kg1 Qf3 24. Re1 Ra7 25. Re3 Qa8 26. Re4 e5 27. Ne2 Nf3+ 28. Kf1 Ng5 29.
Nc3 Rxa3 30. Qd2 Nxe4 31. Nxe4 Qb8 32. Qh6 f5 33. Nf6+ Kf7 34. Nxh7 Rh8 35. Ng5+ Kf6 36. Nh7+ Kf7 37. Ng5+ Kf6 38. Nh7+ 1-0

[Event "Late-Titled-Tuesday-Blitz-April-23-2024"]
[Site "Chess.com"]
[Date "2024.04.23"]
[Round "5"]
[White "Arteler"]
[Black "PNEPaul"]
[Result "0-1"]
[WhiteElo "2281"]
[BlackElo "1925"]
[TimeControl "180+1"]
[EndTime "14:56:45 PDT"]
[Termination "PNEPaul won on time"]

1. e4 e5 2. Nf3 Nc6 3. d4 exd4 4. Nxd4 Be7 5. Be3 d6 6. a3 Nf6 7. Nc3 O-O 8. Bc4 Ne5 9. Ba2 c5 10. Nde2 Be6 11. Bxe6 fxe6 12. O-O d5 13. exd5 exd5 14. Bf4 Ng6 15. Bg3 d4 16. Nb1 Ne4 17. c3 Nxg3 18.
Qb3+ Kh8 19. Nxg3 d3 20. Nd2 Nf4 21. Rad1 Ne2+ 22. Kh1 Nxg3+ 23. fxg3 Rxf1+ 24. Rxf1 Bf6 25. Qc4 b6 26. Rf3 Qe7 27. Qxd3 Rd8 28. Qc2 Qe1+ 29. Nf1 Rd1 30. Qf2 Qe6 31. Re3 Qf7 32. Qe2 Rd8 33.
h3 h6 34. Kh2 Rf8 35. Nd2 Bg5 36. Rf3 Qe7 37. Rxf8+ Qxf8 38. Nf3 Bf6 39. h4 Qf7 0-1

[Event "Late-Titled-Tuesday-Blitz-April-23-2024"]
[Site "Chess.com"]
[Date "2024.04.23"]
[Round "5"]
[White "ChristopherYoo"]
[Black "js20000"]
[Result "1-0"]
[WhiteElo "2994"]
[BlackElo "2744"]
[TimeControl "180+1"]
[EndTime "14:56:46 PDT"]
[Termination "ChristopherYoo won by resignation"]

1. e4 Nc6 2. Nf3 e6 3. d4 d5 4.
e5 f6 5. Bb5 Bd7 6. Qe2 fxe5 7.
Bxc6 bxc6 8. Nxe5 Nf6 9. O-O Bd6 10. c4 O-O 11. Nc3 c5 12. dxc5 Bxc5 13. Bg5 d4 14. Ne4 Be7 15. Rad1 c5 16. b4 Ba4 17. Rd2 cxb4 18.
Nd3 Nxe4 19. Bxe7 Qxe7 20. Qxe4 Rad8 21. Re1 Rfe8 22. Qe5 b3 23. Qa5 Qa3 24. Nb2 bxa2 25. Qxa4 Qc3 26. Red1 Rb8 27. Qxa2 Rb3 28. c5 Reb8 29.
Nd3 Qc4 30. Rf1 a5 31. Ne5 Qxc5 32. Nd7 Qc3 33. Nxb8 Rxb8 34. Qxe6+ Kh8 35. Re2 h6 36. Qd6 Rc8 37. Re4 d3 38. Rd4 a4 39. Rxd3 Qc2 40.
Rdd1 1-0

[Event "Late-Titled-Tuesday-Blitz-April-23-2024"]
[Site "Chess.com"]
[Date "2024.04.23"]
[Round "5"]
[White "GelmanAlexander"]
[Black "Zhigalko_Sergei"]
[Result "1/2-1/2"]
[WhiteElo "2628"]
[BlackElo "2896"]
[TimeControl "180+1"]
[EndTime "14:56:49 PDT"]
[Termination "Game drawn by repetition"]

1. d4 Nf6 2. Nc3 d5 3. Bf4 e6 4. Nb5 Na6 5. e3 Be7 6. g4 O-O 7. g5 Ne4 8. f3 Nd6 9. h4 c5 10.
c3 Nc7 11. Nxd6 Bxd6 12. Bxd6 Qxd6 13. f4 b5 14. Nf3 a5 15. h5 b4 16. h6 g6 17. Ne5 Ba6 18. Bxa6 Rxa6 19. Kf2 Rc8 20. dxc5 Qxc5 21. Nd7 Qa7 22. cxb4 Nb5 23. Nf6+ Kh8 24. Rc1 Rac6 25. Rxc6 Rxc6 26. a4 Nd6 27. b5 Rc4 28. Kf3 Nf5 29. Qd3 Qc7 30. Rd1 Nh4+ 31. Kg4 Nf5 32. e4 Rd4 33. Qxd4 Nxd4 34. Rxd4 Qc1 35.
Rd3 Qxb2 36. exd5 Qc2 37. Re3 Qd1+ 38. Kg3 Qd4 39. Kf3 Qd1+ 40. Kg3 Qd2 41. Kf3 Qd1+ 42. Kg3 1/2-1/2

[Event "Late-Titled-Tuesday-Blitz-April-23-2024"]
[Site "Chess.com"]
[Date "2024.04.23"]
[Round "5"]
[White "prochn"]
[Black "Harry_Rakkel"]
[Result "1/2-1/2"]
[WhiteElo "2474"]
[BlackElo "2693"]
[TimeControl "180+1"]
[EndTime "14:56:49 PDT"]
[Termination "Game drawn by repetition"]

1. d4 Nf6 2. c4 e6 3. g3 d5 4. Bg2 dxc4 5. Nf3 c6 6. a4 Bb4+ 7. Nbd2 c3 8. bxc3 Bxc3 9. Ba3 a5 10. Rb1 Na6 11. O-O Bb4 12. Bb2 O-O 13. e4 Qe7 14. e5 Bd7 15. exf6 gxf6 16. Qc2 Rfd8 17. Nc4 Be8 18. Bc3 b5 19. Nxa5 bxa4 20. Nc4 a3 21.
Ra1 Rdb8 22. Nfd2 Ra7 23. Rfb1 Rab7 24. Rb3 Bxc3 25. Qxc3 Rxb3 26. Nxb3 Nb4 27. Nc5 Qd8 28. Rxa3 Nd5 29. Qc2 Ra8 30. Rxa8 Qxa8 31. h4 Qa1+ 32. Kh2 Qe1 33. Nd6 Kf8 34. Nce4 f5 35. Ng5 h6 36. Nf3 Qc3 37. Qa4 f4 38. Qa8 fxg3+ 39. fxg3 Nf6 40.
Nxe8 Ng4+ 41. Kh3 Nf2+ 42. Kh2 Ng4+ 43. Kh3 Nf2+ 44. Kh2 Ng4+ 1/2-1/2

[Event "Late-Titled-Tuesday-Blitz-April-23-2024"]
[Site "Chess.com"]
[Date "2024.04.23"]
[Round "5"]
[White "ural58"]
[Black "Sokoloco"]
[Result "0-1"]
[WhiteElo "2555"]
[BlackElo "2764"]
[TimeControl "180+1"]
[EndTime "14:56:50 PDT"]
[Termination "Sokoloco won by checkmate"]

1. e4 d6 2. d4 g6 3. Nc3 Bg7 4.
Nf3 a6 5. Be3 b5 6. h4 Nf6 7.
Bd3 h6 8. e5 Ng4 9. Be4 c6 10.
h5 g5 11. exd6 exd6 12. Qd3 Qf6 13. Nd2 d5 14. Bf3 O-O 15. O-O-O Qd6 16. Bxg4 Bxg4 17. f3 Be6 18. g4 a5 19. Bg1 Na6 20. Bh2 Qd7 21.
f4 Bxg4 22. Rdg1 Bf5 23. Qg3 g4 24. Nf3 Nb4 25. Rg2 Nxc2 26. Ne5 Bxe5 27. fxe5 Nb4 28. Rd1 Qe6 29. Qe3 Kh7 30. Bf4 Rg8 31. a3 Na6 32. Ne2 Be4 33. Rgg1 c5 34. Ng3 Bf3 35. Rdf1 cxd4 36.
Qd3+ Kh8 37. Kb1 Nc5 38. Qxd4 Ne4 39. Nxe4 dxe4 40. Qc5 Rgc8 41. Qxb5 Rab8 42. Qa4 Qb6 43. Bc1 Rxc1+ 44. Kxc1 Qxb2# 0-1

[Event "Late-Titled-Tuesday-Blitz-April-23-2024"]
[Site "Chess.com"]
[Date "2024.04.23"]
[Round "5"]
[White "Airquake"]
[Black "masterofpuppets2"]
[Result "1-0"]
[WhiteElo "2657"]
[BlackElo "2480"]
[TimeControl "180+1"]
[EndTime "14:56:50 PDT"]
[Termination "Airquake won on time"]

1. g3 d5 2. Bg2 c5 3. Nf3 Nc6 4. O-O e5 5. d3 Be7 6. c3 h5 7. e4 d4 8. cxd4 cxd4 9. h4 Nh6 10.
Nbd2 Be6 11. Nc4 Qc7 12. Ng5 Bxc4 13. dxc4 Ng4 14. a3 a5 15. Bd2 a4 16. b4 axb3 17.
Qxb3 O-O 18. Rfb1 Rfb8 19. Bf3 Na5 20. Qb5 Nf6 21. Be2 Nc6 22. c5 Ng4 23. Bc4 Nd8 24.
Qe8+ Bf8 25. Rb6 Nh6 26. Rg6 Qe7 27. Qb5 Kh8 28. Rd6 Nc6 29. Rxh6+ gxh6 30. Nxf7+ Kh7 31. Nd6 Qd7 32. Be2 Bxd6 33. cxd6 Qxd6 34. Bxh5 Rf8 35. Qxb7+ Kh8 36. Rc1 Na5 37. Bxa5 Rxa5 38. Rc7 Qxc7 39. Qxc7 Ra6 40. Qe7 Raf6 41. Qxe5 d3 42. f4 1-0

[Event "Late-Titled-Tuesday-Blitz-April-23-2024"]
[Site "Chess.com"]
[Date "2024.04.23"]
[Round "5"]
[White "MetiForce"]
[Black "Zura_19"]
[Result "1-0"]
[WhiteElo "2933"]
[BlackElo "2600"]
[TimeControl "180+1"]
[EndTime "14:56:52 PDT"]
[Termination "MetiForce won on time"]

1. c4 e6 2. Nc3 Nf6 3. e4 c5 4.
e5 Ng8 5. Nf3 d6 6. d4 cxd4 7. Qxd4 Nc6 8. Qe3 dxe5 9. Nxe5 Qc7 10. Nxc6 bxc6 11. Bd3 Nf6 12. O-O Bd6 13. Qh3 h5 14.
Ne4 Be5 15. Nxf6+ Bxf6 16. Be4 Rb8 17. Rb1 c5 18. Qf3 Bb7 19. Bf4 e5 20. Be3 Bxe4 21.
Qxe4 O-O 22. Rfd1 Rfd8 23. Rd5 Rxd5 24. Qxd5 e4 25. b3 Qa5 26. Qxe4 Qxa2 27. Bxc5 Rxb3 28. Rd1 Rb8 29. g3 Qa6 30. Rd7 Rc8 31. Rxa7 Qc6 32.
Qxc6 Rxc6 33. Ra5 Bc3 34. Rb5 f6 35. Kf1 Kf7 36. Ke2 Ke6 37. Kd3 Be1 38. Be3 g5 39. h4 gxh4 40. gxh4 f5 41. Rb8 f4 42. Bd4 Kf5 43.
Rg8 Rd6 44. Rg5+ Ke6 45. Ke4 f3 46. c5 Rd7 47. Rg6+ Kf7 48. Rg7+ Ke6 49. Rxd7 Kxd7 50.
Kxf3 Kc6 51. Kf4 Kd5 52. Be3 Bc3 53. Kg5 1-0

[Event "Late-Titled-Tuesday-Blitz-April-23-2024"]
[Site "Chess.com"]
[Date "2024.04.23"]
[Round "5"]
[White "BogdanDeac"]
[Black "topotun"]
[Result "1-0"]
[WhiteElo "3054"]
[BlackElo "2851"]
[TimeControl "180+1"]
[EndTime "14:56:53 PDT"]
[Termination "BogdanDeac won by checkmate"]

1. e4 c6 2. d4 d5 3. f3 Qa5+ 4. Nc3 e5 5. dxe5 dxe4 6. fxe4 Be6 7. Bd2 Nd7 8. Nd5 Qd8 9. Nf4 Nxe5 10. Nxe6 Qh4+ 11. g3 Qxe4+ 12. Qe2 Qxe2+ 13. Bxe2 fxe6 14. Bc3 Nf7 15. Bc4 Nd6 16. Bxe6 Ne4 17. Be5 Ngf6 18. Nf3 Bc5 19. Bxf6 gxf6 20. Bf5 Nd6 21. Bd3 Kf7 22.
O-O-O Rae8 23. Rhf1 Kg7 24. Nh4 Re5 25. c3 a5 26. Kc2 Rhe8 27. Ng2 Ne4 28. Nf4 Nf2 29. Rd2 Ng4 30. Kb3 Ne3 31. Rf3 b5 32. a4 b4 33.
cxb4 Bxb4 34. Re2 Nd5 35. Nh5+ Kh6 36. Rxe5 fxe5 37. Rf5 e4 38. Be2 Ne3 39. Rf6+ Kg5 40. h4# 1-0

[Event "Late-Titled-Tuesday-Blitz-April-23-2024"]
[Site "Chess.com"]
[Date "2024.04.23"]
[Round "5"]
[White "DanielNaroditsky"]
[Black "Hikaru"]
[Result "0-1"]
[WhiteElo "2967"]
[BlackElo "3316"]
[TimeControl "180+1"]
[EndTime "14:56:54 PDT"]
[Termination "Hikaru won by resignation"]

1. e4 c5 2. c3 g6 3. Nf3 d5 4.
exd5 Qxd5 5. d4 Bg7 6. Na3 Nf6 7.
Bc4 Qe4+ 8. Be3 cxd4 9. Bxf7+ Kf8 10. O-O Bg4 11. Bxd4 Nc6 12. Re1 Bxf3 13. gxf3 Qh4 14.
Qb3 Nxd4 15. cxd4 Nh5 16. Qxb7 Nf4 17. Be6 Bxd4 18. Kh1 Kg7 19. Bg4 Bf6 20. Qe4 g5 21. Nc4 Rhd8 22. Ne3 Kh8 23. Rf1 Qh6 24. Nf5 Qg6 25. Rae1 h5 26. Qc6 hxg4 27. fxg4 Rac8 28. Qa6 Qh7 29. Re3 e6 30. Ng3 Rc2 31. Nh5 Nxh5 32. Rh3 Qe4+ 33. f3 Qd3 34. Qxd3 Rxd3 35. Rxh5+ Kg7 36.
f4 Rdd2 37. fxg5 Be5 38. Re1 Bf4 39. g6 e5 40. Kg1 Bxh2+ 41. Kh1 Bf4 42. Rh7+ Kxg6 43.
Rh3 Rh2+ 44. Rxh2 Rxh2+ 45. Kg1 Rxb2 46. Re4 Kg5 47. Ra4 Kxg4 48. a3 Kf3 49. Rb4 Rxb4 50. axb4 e4 0-1

[Event "Late-Titled-Tuesday-Blitz-April-23-2024"]
[Site "Chess.com"]
[Date "2024.04.23"]
[Round "5"]
[White "stollenmonster"]
[Black "samolo"]
[Result "1-0"]
[WhiteElo "2924"]
[BlackElo "2664"]
[TimeControl "180+1"]
[EndTime "14:56:54 PDT"]
[Termination "stollenmonster won by checkmate"]

1. e4 c5 2. Nf3 d6 3. d4 cxd4 4. Nxd4 Nf6 5. Nc3 a6 6. a4 g6 7. g3 Bg7 8. Nde2 O-O 9. Bg2 Nc6 10. Nd5 Rb8 11. h3 Nd7 12. O-O b6 13. c3 Bb7 14.
Be3 Re8 15. Re1 e6 16. Ndf4 Qc7 17. b3 Rbc8 18. Rc1 Nde5 19. Nd4 Na5 20. h4 h5 21. c4 Ng4 22. Nh3 Nxe3 23. Rxe3 Bh6 24. Ng5 Qc5 25. Rd3 Bxg5 26. hxg5 Qxg5 27. Nf3 Qe7 28. Rxd6 Rcd8 29. e5 Bxf3 30. Bxf3 Qg5 31. Rc3 Rb8 32. Qd4 b5 33. axb5 axb5 34. c5 b4 35. Re3 Qf5 36. Kg2 Qb1 37. Rd7 Nxb3 38. Qf4 Rf8 39. Be4 Qb2 40. Qh6 Qxe5 41. Bf3 Qb2 42. Rxe6 Nxc5 43. Rxg6+ fxg6 44. Qxg6+ Kh8 45. Qh6+ Kg8 46. Qg6+ Kh8 47. Qxh5+ Kg8 48. Bd5+ Rf7 49. Qxf7+ Kh8 50. Qh5# 1-0

[Event "Late-Titled-Tuesday-Blitz-April-23-2024"]
[Site "Chess.com"]
[Date "2024.04.23"]
[Round "5"]
[White "OPQRC"]
[Black "kingofthenil"]
[Result "0-1"]
[WhiteElo "2576"]
[BlackElo "2791"]
[TimeControl "180+1"]
[EndTime "14:56:54 PDT"]
[Termination "kingofthenil won on time"]

1. e4 Nc6 2. Nf3 d6 3. d4 Nf6 4. Nc3 e6 5. Be3 Be7 6. Qd2 O-O 7. h3 d5 8. Bd3 Nb4 9. e5 Nxd3+ 10. cxd3 Nd7 11.
O-O f5 12. Rac1 a6 13. Bg5 h6 14. Bxe7 Qxe7 15. Na4 c6 16. Nc5 Nxc5 17. Rxc5 g5 18. Ne1 f4 19. f3 Bd7 20. Qb4 Rfb8 21. Rb5 Kf7 22. Rb6 Qxb4 23. Rxb4 b6 24. Rb3 c5 25. Nc2 Bb5 26. Rc1 Rc8 27. Rc3 Ra7 28. Na3 Rac7 29.
b4 c4 30. Kf2 Kg6 31. Ke1 Kf5 32. Kd2 Rc6 33. Nb1 cxd3 34. Rxc6 Bxc6 35. Nc3 Bd7 36. Nd1 Rc2+ 37. Rxc2 dxc2 38. Nf2 Bb5 0-1

[Event "Late-Titled-Tuesday-Blitz-April-23-2024"]
[Site "Chess.com"]
[Date "2024.04.23"]
[Round "5"]
[White "vi_pranav"]
[Black "NikitaShnadrygin"]
[Result "1/2-1/2"]
[WhiteElo "3067"]
[BlackElo "2718"]
[TimeControl "180+1"]
[EndTime "14:56:55 PDT"]
[Termination "Game drawn by repetition"]

1. e4 c5 2. Nf3 e6 3. d4 cxd4 4.
Nxd4 Nf6 5. Nc3 Nc6 6. Be2 d5 7. exd5 exd5 8. O-O Bc5 9. Be3 Bxd4 10. Bxd4 O-O 11.
Bf3 Ne4 12. Bxe4 dxe4 13. Bc5 Re8 14. Qxd8 Nxd8 15. Nb5 Ne6 16. Bxa7 Bd7 17. a4 Bxb5 18. axb5 Rac8 19. c3 Nf4 20. Be3 Nd3 21. Rfb1 Re5 22. b6 f5 23. g3 h6 24. Ra7 Re7 25. h4 Kf7 26. h5 Ke6 27. Bd4 f4 28. b3 Kf5 29.
Ra5+ Kg4 30. gxf4 Nxf4 31. Kh2 Ne2 32. Be3 Rxc3 33. Re1 Rc2 34. b4 Rf7 35. Re5 Kf3 36.
Bc5 Rf4 37. Kh3 Rc3 38. Ra1 Rxc5 39. bxc5 Kxf2 40. Ra2 Rf3+ 41. Kh2 Rf4 42. Kh3 Rf3+ 43. Kh2 Rf4 44. Ra3 Ng1 45. Ra2+ Ne2 1/2-1/2

[Event "Late-Titled-Tuesday-Blitz-April-23-2024"]
[Site "Chess.com"]
[Date "2024.04.23"]
[Round "5"]
[White "Josetricks"]
[Black "TheBigBoss04"]
[Result "0-1"]
[WhiteElo "2589"]
[BlackElo "2800"]
[TimeControl "180+1"]
[EndTime "14:56:55 PDT"]
[Termination "TheBigBoss04 won on time"]

1. e4 e5 2. Bc4 Nc6 3. Nc3 Bc5 4. d3 d6 5. Na4 Nf6 6. Nxc5 dxc5 7. f4 Bg4 8. Nf3 exf4 9. Bxf4 O-O 10. Qd2 Nd7 11. O-O-O Be6 12. Bxe6 fxe6 13. Bg3 e5 14. Kb1 Qe7 15.
Qc3 b6 16. Qc4+ Kh8 17. Qd5 Nb4 18. Qb3 a5 19. a3 a4 20. Qc3 Nc6 21. Rhf1 Nd4 22.
Nxd4 exd4 23. Qc4 c6 24. Rxf8+ Nxf8 25. Rf1 Ne6 26. Bh4 Qd7 27. Rf5 b5 28. Qa2 h6 29.
Ka1 c4 30. Qb1 c3 31. bxc3 dxc3 32. Qb4 Nd4 33. Rf2 Qg4 34. Qxd4 Qxh4 35. g3 Qe7 36. Qxc3 c5 37. Rf5 Rc8 38. Qe5 Qd7 39. Qd5 Qe7 40. Qe5 Qa7 41. Rh5 Qb6 42. Qd5 b4 43. axb4 cxb4 44. Qe5 Rxc2 45. Rf5 Qg1+ 0-1

[Event "Late-Titled-Tuesday-Blitz-April-23-2024"]
[Site "Chess.com"]
[Date "2024.04.23"]
[Round "5"]
[White "TangerineandLemon25"]
[Black "sergiochess83"]
[Result "1-0"]
[WhiteElo "2649"]
[BlackElo "2927"]
[TimeControl "180+1"]
[EndTime "14:56:55 PDT"]
[Termination "TangerineandLemon25 won by resignation"]

1. e4 e6 2. d4 d5 3. exd5 exd5 4. Nf3 Bd6 5. c4 Nf6 6. Nc3 O-O 7. c5 Re8+ 8. Be2 Bf8 9. O-O Bf5 10. Bf4 c6 11. Bd3 Bg6 12. Bxg6 hxg6 13. b4 Ne4 14.
Qc2 Nd7 15. Rfe1 f5 16. Qb3 Ndf6 17. Ne5 g5 18. Nxe4 Nxe4 19. f3 Nd6 20. cxd6 gxf4 21. d7 Re6 22. b5 Qb6 23. bxc6 bxc6 24. Qxb6 axb6 25. Nxc6 Rxc6 26. Re8 Rd6 27. Rxa8 Rxd7 28. Rb1 Rd6 29. Rb8 Re6 30. R1xb6 Re2 31. R6b7 Rxa2 32.
Re7 Ra1+ 33. Kf2 Ra2+ 34. Re2 Ra6 35. Ree8 Rf6 36. Rbd8 g6 37. Rxd5 Kf7 38. Ra8 Be7 39. Ra7 Rb6 40. Rdd7 Rb2+ 41. Ke1 Rb1+ 42. Kd2 Rb2+ 43.
Kd3 Rb3+ 44. Kc4 Re3 45. Rxe7+ Rxe7 46. Rxe7+ Kxe7 47. Kd5 1-0

[Event "Late-Titled-Tuesday-Blitz-April-23-2024"]
[Site "Chess.com"]
[Date "2024.04.23"]
[Round "5"]
[White "GMKrikor"]
[Black "Jospem"]
[Result "0-1"]
[WhiteElo "2891"]
[BlackElo "3090"]
[TimeControl "180+1"]
[EndTime "14:56:56 PDT"]
[Termination "Jospem won by resignation"]

1. Nf3 Nf6 2. c4 d6 3. d4 Nbd7 4. Nc3 e5 5. e4 Be7 6. Be2 O-O 7. O-O Re8 8. Be3 Bf8 9. Qc2 c6 10. d5 c5 11. Nd2 g6 12. a3 Bg7 13. b4 Rf8 14. Rfb1 Ne8 15. a4 f5 16. f3 cxb4 17. Rxb4 Bf6 18. a5 Bg5 19. Bf2 Bh4 20. g3 Be7 21. Rbb1 f4 22. g4 Bh4 23. Rf1 Kg7 24.
Nb3 Rh8 25. Na4 h5 26. h3 Bg3 27. Bxg3 fxg3 28. Kg2 Nf8 29. c5 Qh4 30. Rh1 g5 31. Nc1 hxg4 32. fxg4 Ng6 33. Nd3 Bd7 34. cxd6 Rc8 35.
Qd2 Nf6 36. Bf3 Rc4 37. Nac5 Rxc5 38. Nxc5 Nf4+ 39. Kg1 Nxh3+ 40. Rxh3 Qxh3 41. Qg2 Qh4 42. Nxd7 Nxd7 43. Rc1 Kg6 44. Rc7 Nf6 45. d7 Rd8 46. Rxb7 Nxd7 47. Qc2 Nf6 48. Rc7 Rb8 49. Rc6 Rb1+ 0-1

[Event "Late-Titled-Tuesday-Blitz-April-23-2024"]
[Site "Chess.com"]
[Date "2024.04.23"]
[Round "5"]
[White "WoodlandMagic"]
[Black "GlavkonVVS"]
[Result "0-1"]
[WhiteElo "2824"]
[BlackElo "2652"]
[TimeControl "180+1"]
[EndTime "14:56:57 PDT"]
[Termination "GlavkonVVS won on time"]

1. Nf3 Nf6 2. c4 c5 3. g3 Nc6 4. Bg2 d6 5. d4 cxd4 6. Nxd4 Bd7 7. O-O e6 8. Nb5 Qb8 9. Bf4 Ne5 10. N1c3 a6 11.
Na3 Ng6 12. Be3 Qc7 13. Rc1 Rc8 14. b4 Be7 15. Qb3 O-O 16. Rfd1 h5 17. Bg5 Bc6 18.
e4 Ng4 19. Bxe7 Qxe7 20. h3 N4e5 21. f4 Nd7 22. h4 Nf6 23. Nc2 Rfd8 24. Ne3 b5 25.
cxb5 axb5 26. Kf2 Qa7 27. Bf3 Qb6 28. Rc2 Bb7 29. Rcd2 Rc4 30. Ke2 Rxc3 31. Qxc3 Bxe4 32. Qd4 Qb7 33. Rf1 Bxf3+ 34. Rxf3 Ne4 35. Rc2 d5 36. f5 e5 37. Qb2 d4 38. fxg6 d3+ 39. Ke1 dxc2 40. gxf7+ Kf8 41. Qxc2 Nf6 42. Ke2 Qxf7 43. Qc5+ Kg8 44. Qxe5 Qxa2+ 45. Kf1 Qb1+ 46. Kg2 Qxb4 47. Qe6+ Kh7 48. Rf2 Rd2 0-1

[Event "Late-Titled-Tuesday-Blitz-April-23-2024"]
[Site "Chess.com"]
[Date "2024.04.23"]
[Round "5"]
[White "albi1999"]
[Black "DominguezOnYoutube"]
[Result "0-1"]
[WhiteElo "2664"]
[BlackElo "2959"]
[TimeControl "180+1"]
[EndTime "14:56:58 PDT"]
[Termination "DominguezOnYoutube won on time"]

1. d4 Nf6 2. c4 e6 3. Nf3 d5 4.
g3 Bb4+ 5. Bd2 Be7 6. Bg2 O-O 7. O-O c6 8. Qc2 Nbd7 9. Rd1 a5 10. Bf4 b6 11. Ne5 Nxe5 12. dxe5 Nd7 13. cxd5 cxd5 14. e4 d4 15. Rxd4 g5 16. Bc1 Qe8 17. Qc6 Rb8 18.
Nc3 Nxe5 19. Qxe8 Rxe8 20. Rd1 Ba6 21. Bf1 Bxf1 22. Kxf1 Rec8 23. f4 gxf4 24. Bxf4 Bf6 25. Rac1 b5 26. Ne2 Rxc1 27. Rxc1 Rd8 28. Bxe5 Bxe5 29. Rc2 a4 30. Nc3 Rc8 31. a3 b4 32.
axb4 a3 33. bxa3 Rxc3 34. Rxc3 Bxc3 35. Ke2 Kf8 36. Kd3 Bb2 37. a4 Ke7 38. Kc4 Kd6 39.
a5 Bc1 40. b5 Bd2 41. a6 Be3 42. g4 Ke5 43. Kb4 Bb6 44. Kc4 Kxe4 45. g5 e5 46. h4 Ba7 47. h5 Bb6 48. Kb4 Kd4 0-1